 Dungeon Crawl Stone Soup version 0.29.1-1-gd02db69 (webtiles) character file.

Game seed: 3839531241578097272

390 Dorkslayer the Conjurer (level 6, -2/39 HPs)
             Began as an Octopode Conjurer on Sept 29, 2022.
             Splashed by a jelly's acid (8 damage)
             ... on level 4 of the Dungeon.
             The game lasted 00:12:58 (3741 turns).

Dorkslayer the Conjurer (Octopode Conjurer)         Turns: 3741, Time: 00:12:59

Health: -2/39      AC:  0    Str:  8    XL:     6   Next: 80%
Magic:  3/10       EV: 14    Int: 21    God:
Gold:   228        SH:  0    Dex: 14    Spells: 4/11 levels left

rFire   + . .      SeeInvis .   c - +0 short sword
rCold   . . .      Faith    .   (no shield)
rNeg    . . .      Spirit   .   b - +3 hat "Muuss" {rF+ Dex+4}
rPois   .          Reflect  .   (no amulet)
rElec   .          Harm     .   (no ring)
rCorr   .          Rampage  .   (no ring)
Will    .....                   (no ring)
Stlth   +++.......              (no ring)
HPRegen 0.13/turn               (no ring)
MPRegen 0.12/turn               (no ring)
                                (no ring)
                                (no ring)

@: corroded
A: almost no armour, amphibious, 8 rings, camouflage 1, gelatinous body 1,
(nimble swimmer 1), tentacles
a: no special abilities


You were on level 4 of the Dungeon.
You visited 1 branch of the dungeon, and saw 4 of its levels.

You collected 228 gold pieces.

Inventory:

Hand Weapons
 c - a +0 short sword (weapon)
 f - a +0 broad axe
Missiles
 i - 4 boomerangs (quivered)
Armour
 b - the +3 hat "Muuss" (worn) {rF+ Dex+4}
   (You acquired it on level 3 of the Dungeon)

   Dex:       It affects your dexterity (+4).
   rF:        It protects you from fire.
Potions
 j - a potion of brilliance {unknown}
 m - a potion of might {unknown}
 p - a potion of flight {unknown}


   Skills:
 * Level 2.0 Fighting
 + Level 0.9 Short Blades
 * Level 2.1 Throwing
 * Level 3.0 Dodging
 + Level 3.7 Stealth
 * Level 2.3 Unarmed Combat
 * Level 3.1 Spellcasting
 + Level 4.9 Conjurations


You had 4 spell levels left.
You knew the following spells:

 Your Spells              Type           Power      Damage    Failure   Level
a - Magic Dart            Conj           96%        1d7       1%          1
b - Searing Ray           Conj           48%        2d6       2%          2
c - Iskenderun's Mystic   Conj/Tloc      13%        2d5       43%         4

Your spell library contained the following spells:

 Spells                   Type           Power      Damage    Failure   Level
 Shock                    Conj/Air       52%        1d6       4%          1
 Static Discharge         Conj/Air       13%        3-5/arc   7%          2
 Dazzling Flash           Conj/Hex       26%        N/A       14%         3
 Ozocubu's Armour         Ice            3%         N/A       36%         3
 Swiftness                Air            3%         N/A       36%         3
 Fulminant Prism          Conj/Hex       6%         3d7       43%         4
 Airstrike                Air            1%         2d(1-17)  78%         4
 Lightning Bolt           Conj/Air       6%         1d18      78%         5
 Metabolic Englaciation   Hex/Ice        1%         N/A       98%         5
 Simulacrum               Ice/Necr       1%         N/A       100%        6
 Maxwell's Capacitive Co  Air            1%         ∞         100%        8


Dungeon Overview and Level Annotations

Branches:
Dungeon (4/15)
 Temple: D:4-7

Altars:
Ru
Wu Jian
The Shining One

Annotations:
D:3 2 transporters, Jonnyslop's ghost, amateur GrFi


Innate Abilities, Weirdness & Mutations

You cannot wear most types of armour.
You are amphibious.
You can wear up to eight rings at the same time.
Your skin changes colour to match your surroundings (Stealth+).
Your rubbery body absorbs attacks. (AC +1, EV +1)
((You are camouflaged when in or above water. (Stealth+)))
You have tentacles for arms and can constrict up to eight enemies at once.


Message History

Aiming: Searing Ray (safe; 2% risk of failure)
Press: ? - help, Shift-Dir - straight line, f - ogre
Aim: an ogre, wielding a +0 giant club (asleep, 100% to hit)
The searing ray hits the ogre.
The ogre is lightly wounded.
The ogre shouts! (Press . to maintain the ray.)
The searing ray hits the ogre.
The ogre is moderately wounded.
The searing ray hits the ogre.
The ogre is heavily wounded.
The ogre completely misses you.
You hit the ogre.
The ogre is heavily wounded.
A jelly comes into view.
The jelly quivers.
You hit the ogre.
The ogre is severely wounded.
The ogre hits you with a +0 giant club!
You hit the ogre.
The ogre is almost dead.
The ogre barely misses you. The jelly barely misses you.
Unknown command.
You hit the ogre.
The ogre is almost dead.
The jelly closely misses you.
You hit the ogre but do no damage. You squeeze the ogre.
The ogre is almost dead.
The ogre barely misses you. The jelly hits you. The acid corrodes you!
You are splashed with acid!
Unknown command.
You see here an adder corpse.
The ogre attacks as you move away! The ogre barely misses you.
The jelly hits you.
You are splashed with acid!
* * * LOW HITPOINT WARNING * * *
The jelly attacks as you move away! The jelly closely misses you.
The jelly attacks as you move away! The jelly hits you.
* * * LOW HITPOINT WARNING * * *
You are splashed with acid!
You die...

##### #.# #...#.#.#
#.#.#.#.# # #
#.#.#.#.#.#####
####.#.#.#.#.#......
........†.#.#.†...#
#####.#...#.#.#####...
#.###O#.#.'....._. #
#....J@.#####...#####.#
#.#.###.....#####.....#
#.### #...#.......#..##
# .....#....######....
####.###### #### ###


You could see an ogre and a jelly.

Vanquished Creatures
  Pargi (D:3)
  A hound (D:3)
  Crazy Yiuf (D:3)
  Natasha (thrice) (D:3)
  8 adders
  A hound simulacrum (D:3)
  A white imp (D:3)
  2 worms
  A dart slug (D:3)
  An adder simulacrum (D:3)
  2 ball pythons
  5 endoplasms
  5 giant cockroaches
  5 goblins
  7 hobgoblins
  8 kobolds
  4 quokkas
  7 bats
  A frilled lizard (D:3)
  12 rats
76 creatures vanquished.

Vanquished Creatures (others)
  4 plants (D:2)
4 creatures vanquished.

Grand Total: 80 creatures vanquished

Notes
Turn   | Place    | Note
-------+----------+-------------------------------------------
     0 | D:1      | Dorkslayer the Octopode Conjurer began the quest for the
                  | Orb.
     0 | D:1      | Reached XP level 1. HP: 11/11 MP: 3/3
   255 | D:1      | Reached XP level 2. HP: 17/17 MP: 3/5
   487 | D:1      | Learned a level 2 spell: Searing Ray
   579 | D:1      | Found a faded altar of an unknown god.
   588 | D:1      | Identified the +1 ring mail "Vuniolad" {*Slow rElec MP+9
                  | Dex+10}
   881 | D:1      | Reached XP level 3. HP: 22/22 MP: 4/6
  1390 | D:2      | Reached skill level 1 in Unarmed Combat
  1637 | D:2      | Reached skill level 1 in Fighting
  1903 | D:2      | Found an ornate altar of the Wu Jian Council.
  2213 | D:3      | Noticed Natasha
  2219 | D:3      | Killed Natasha
  2220 | D:3      | Reached skill level 1 in Throwing
  2220 | D:3      | Reached XP level 4. HP: 25/28 MP: 2/7
  2324 | D:3      | Found a runed translucent door.
  2325 | D:3      | Noticed Crazy Yiuf
  2332 | D:3      | Killed Crazy Yiuf
  2405 | D:3      | Noticed Natasha
  2416 | D:3      | Killed Natasha
  2417 | D:3      | Reached XP level 5. HP: 32/33 MP: 1/8
  2426 | D:3      | Noticed Natasha
  2445 | D:3      | Killed Natasha
  2594 | D:3      | Noticed Pargi
  2616 | D:3      | Identified a scroll of acquirement
  2616 | D:3      | Acquired the +3 hat "Muuss" {rF+ Dex+4}
  2743 | D:3      | Found a transporter.
  2763 | D:3      | Noticed a sky beast
  2768 | D:3      | Found a glowing golden altar of the Shining One.
  2781 | D:3      | Found a transporter.
  2867 | D:3      | Learned a level 4 spell: Iskenderun's Mystic Blast
  2896 | D:3      | Found a runed translucent gate.
  2901 | D:3      | Found a runed translucent gate.
  2901 | D:3      | Found a runed translucent gate.
  3039 | D:3      | Reached XP level 6. HP: 39/39 MP: 6/10
  3051 | D:3      | Identified the +1 glaive of Infinity {vorpal, rC+ Int-5
                  | Dex+4}
  3213 | D:3      | Noticed Jonnyslop's ghost (amateur GrFi)
  3448 | D:3      | Killed Pargi
  3709 | D:4      | Found a sacrificial altar of Ru.
  3741 | D:4      | Splashed by a jelly's acid

Illustrated notes

Levels and vault maps discovered:
D:1:      eino_arrival_druids_welcome, layout_basic,
          hellmonk_ecumenical_altar_lost_god, minmay_rat_gold_closets
D:2:      cheibrodos_old_hovel, layout_loops_ring, basic_altar
D:3:      minmay_octagon_keep, layout_loops_ring,
          gammafunk_temple_overflow_arena, gammafunk_ghost_icy, uniq_natasha,
          uniq_pargi, uniq_crazy_yiuf_cottage
D:4:      layout_basic, mainiacjoe_overflow_surrounded_room,
          gup_sewer_entry_spiral

Skill      XL: |  1  2  3  4  5  6 |
---------------+-------------------+-----
Unarmed Combat | 1 2 |  2.3
Fighting       | 1 2 |  2.0
Throwing       | 1 2 |  2.1
Stealth        | 3 |  3.7
Dodging        | 3 |  3.0
Spellcasting   | 3 |  3.1
Short Blades   | |  0.9
Conjurations   | |  4.9

Action                   |  1- 3 |  4- 6 || total
-------------------------+-------+-------++-------
Melee: Short sword       |    19 |    27 ||    46
       Constrict         |     4 |     4 ||     8
       Tentacles         |     3 |     7 ||    10
       Punch             |     1 |       ||     1
Throw: Boomerang         |     5 |       ||     5
 Cast: Magic Dart        |    67 |    36 ||   103
       Searing Ray       |     1 |    16 ||    17
  Use: Scroll            |       |     8 ||     8
       Potion            |       |     4 ||     4
 Stab: Sleeping          |     3 |     3 ||     6
Armor: Skin              |       |    11 ||    11
Dodge: Dodged            |    10 |    48 ||    58
